 Dungeon Sprint DCSS version 0.26-a0-1053-gaff5f71418 (webtiles) character file.

Game seed: 9744000385371792351

611 crux the Martial Artist (level 7, -10/52 (54) HPs)
             Began as an Octopode Transmuter on Dec 10, 2020.
             Was a Believer of Cheibriados.
             Killed from afar by a deep elf mage (38 damage)
             ... with a bolt of lightning
             ... in the Dungeon (Sprint III: "The Ten Rune Challenge") on Dec 12, 2020.
             The game lasted 00:07:19 (2021 turns).

crux the Martial Artist (Octopode Transmuter)       Turns: 2021, Time: 00:07:19

HP:   -10/52 (54)   AC:  6    Str: 18    XL:     7   Next: 44%
MP:   16/16         EV: 13    Int: 21    God:    Cheibriados [**....]
Gold: 39            SH:  0    Dex: 18    Spells: 14/19 levels left

rFire    x . .     SeeInvis .     - Unarmed
rCold    + + +     Faith    .   (shield currently unavailable)
rNeg     . . .     Spirit   .   (helmet currently unavailable)
rPois    +         Reflect  .   (no amulet)
rElec    .         Harm     .   (no ring)
rCorr    .         Rampage  .   (no ring)
Will     .....     NoTele   +   (no ring)
Stlth    ++++......             (no ring)
HPRegen  0.17/turn              (no ring)
MPRegen  0.15/turn              (no ring)
                                (no ring)
                                (no ring)

@: ice-form (expiring), very slow
A: large, almost no armour, stealthy swim, amphibious, 8 rings, (constrict 8)
a: End Transformation, Bend Time, Renounce Religion


You were in the Dungeon.
You worshipped Cheibriados.
Cheibriados was pleased with you.
You were a creature of crystalline ice.
You visited 1 branch You collected 39 gold pieces.

Inventory:

Scrolls
 a - 3 scrolls of remove curse {unknown}
 g - 2 scrolls of blinking
 h - a scroll of holy word {unknown}
 j - a scroll of immolation {unknown}
 k - 2 scrolls of identify
Potions
 b - a potion of curing
 c - a potion of heal wounds
 e - 2 potions of magic
 f - 4 potions of mutation
 i - a potion of flight {unknown}


   Skills:
 + Level 2.6 Fighting
 + Level 5.2 Dodging
 + Level 6.6 Stealth
 + Level 9.9 Unarmed Combat
 + Level 6.6 Spellcasting
 + Level 6.4 Transmutations
 * Level 4.3 Invocations


You had 14 spell levels left.
You knew the following spells:

 Your Spells              Type           Power        Failure   Level
a - Beastly Appendage     Tmut           ####..       1%          1
b - Ice Form              Ice/Tmut       ###.....     24%         4

Your spell library contained the following spells:

 Spells                   Type           Power        Failure   Level
 Wereblood                Tmut           ####....     1%          2
 Spider Form              Tmut/Pois      ###.......   8%          3
 Animate Skeleton         Necr           #.....       10%         1
 Apportation              Tloc           #.....       10%         1
 Corona                   Hex            #......      10%         1
 Summon Small Mammal      Summ           #...         10%         1
 Blade Hands              Tmut           ####......   19%         5
 Petrify                  Tmut/Erth      ###.....     24%         4
 Confusing Touch          Hex            #.......     28%         3
 Gell's Gravitas          Tloc           #.........   28%         3
 Yara's Violent Unravell  Hex/Tmut       ###.......   56%         5
 Metabolic Englaciation   Hex/Ice        #.........   95%         5


Dungeon Overview and Level Annotations

Branches:
Dungeon (1/1)

Altars:
Cheibriados
Dithmenos
Elyvilon
Fedhas
Gozag
Hepliaklqana
Kikubaaqudgha
Makhleb
Nemelex Xobeh
Qazlal
Ru
Sif Muna
Vehumet
Xom
Yredelemnul
Zin
The Shining One
Jiyva
Lugonu


Innate Abilities, Weirdness & Mutations

You cannot wear most types of armour.
You are very stealthy in the water. (Stealth+)
You are amphibious.
You can wear up to eight rings at the same time.
((You can use your tentacles to constrict eight enemies at once.))
((Your skin blends seamlessly with your surroundings (Stealth++).))
((Your rubbery body absorbs attacks. (AC +1, EV +1)))
((You are partially covered in large bone plates. (SH +4)))
((Your system is resistant to poisons. (rPois)))


Message History

You open the door.
A deep elf mage comes into view.
It is wielding a +2 long sword of holy wrath.
Found a potion of heal wounds.
Found three altars.
There is an open door here.
Your transformation is almost over.
The helpless deep elf mage fails to defend itself.
You hit the deep elf mage. You freeze the deep elf mage.
The deep elf mage is lightly wounded.
The deep elf mage hits you but does no damage.
You barely miss the deep elf mage.
The deep elf mage is lightly wounded.
The deep elf mage gestures wildly while chanting.
The deep elf mage blinks!
There is an open door here.
The deep elf mage gestures at you while chanting.
The bolt of lightning hits you!!
The deep elf mage gestures at you while chanting.
The bolt of lightning hits you!!!
Ouch! That really hurt!
You die...

▓▓▓▓▓▓ ▓▓▓ +....♣♣♣
♣.##### #### #......♣
♣.#___# #__# #....♣♣♣
♣♣.#!..# #._#
#....≈.♣♣♣..###'#+###+##
#...≈≈.♣♣.♣.#...Y.e...)#
#..≈≈≈≈.♣...+.⌠........#
#..≈≈≈≈≈≈♣..#...######+#
#.≈≈≈≈≈≈....#.⌠.#__#...#
#.≈≈≈≈≈.....#...#__#...#
#.≈≈≈.......#+###__#...#
#...........#.))#__#...+
............#___#__+...#
▓▓▓▓▓▓▓▓▓▓▓▓▓▓▓▓▓▓▓▓▓▓▓▓


You could see a deep elf mage.

Vanquished Creatures
  A shadow (D)
  A spatial vortex (D)
  A necrophage (D)
  A water elemental (D)
  A scorpion (D)
  A jelly (D)
  A wizard (D)
  Jessica (D)
  A necromancer (D)
  A kobold demonologist (D)
  A human (D)
  3 rats (D)
14 creatures vanquished.

Notes
Turn   | Place    | Note
-------+----------+-------------------------------------------
     0 | D        | crux the Octopode Transmuter began the quest for the Orb.
     0 | D        | Reached XP level 1. HP: 13/13 MP: 3/3
    15 | D        | Noticed Jessica
    21 | D        | Killed Jessica
    22 | D        | Reached skill level 1 in Stealth
    22 | D        | Reached skill level 4 in Unarmed Combat
    22 | D        | Reached XP level 2. HP: 12/18 MP: 2/5
    22 | D        | Reached XP level 3. HP: 15/23 MP: 2/7
   143 | D        | Noticed a scorpion
   158 | D        | Killed a scorpion
   159 | D        | Reached skill level 6 in Unarmed Combat
   159 | D        | Reached XP level 4. HP: 28/28 MP: 9/9
   335 | D        | Noticed a water elemental
   337 | D        | Gained mutation: You are strong-willed. (Will+) [potion of
                  | mutation]
   337 | D        | Gained mutation: Your system is resistant to poisons.
                  | (rPois) [potion of mutation]
   338 | D        | Upgraded the game from 0.26-a0-1026-g544776af23 to
                  | 0.26-a0-1053-gaff5f71418
   338 | D        | Lost mutation: You are strong-willed. (Will+) [potion of
                  | mutation]
   338 | D        | Gained mutation: You are partially covered in large bone
                  | plates. (SH +4) [potion of mutation]
   338 | D        | Gained mutation: Your skin blends seamlessly with your
                  | surroundings (Stealth++). [potion of mutation]
   553 | D        | Learned a level 4 spell: Ice Form
  1013 | D        | Noticed a shadow
  1016 | D        | Killed a shadow
  1017 | D        | Reached skill level 8 in Unarmed Combat
  1017 | D        | Reached skill level 5 in Spellcasting
  1017 | D        | Reached skill level 5 in Transmutations
  1017 | D        | Reached XP level 5. HP: 24/34 MP: 5/12
  1017 | D        | Reached XP level 6. HP: 28/39 MP: 5/13
  1022 | D        | Reached skill level 5 in Stealth
  1236 | D        | Found a blossoming altar of Fedhas.
  1236 | D        | Found a stormy altar of Qazlal.
  1237 | D        | Found a snail-covered altar of Cheibriados.
  1237 | D        | Found a burning altar of Makhleb.
  1237 | D        | Found a hazy altar of Hepliaklqana.
  1237 | D        | Found a shimmering altar of Xom.
  1237 | D        | Found an opulent altar of Gozag.
  1237 | D        | Found a sparkling altar of Nemelex Xobeh.
  1237 | D        | Found a corrupted altar of Lugonu.
  1237 | D        | Found a viscous altar of Jiyva.
  1237 | D        | Noticed a spatial vortex
  1239 | D        | Became a worshipper of Cheibriados the Contemplative
  1239 | D        | HP: 2/46 [spatial vortex (23)]
  1633 | D        | Killed a spatial vortex
  1634 | D        | Reached skill level 5 in Dodging
  1634 | D        | Reached skill level 9 in Unarmed Combat
  1660 | D        | Reached * piety under Cheibriados
  1661 | D        | Reached XP level 7. HP: 35/45 MP: 16/16
  1876 | D        | Found a shadowy altar of Dithmenos.
  1881 | D        | Reached ** piety under Cheibriados
  1882 | D        | Found a basalt altar of Yredelemnul.
  1882 | D        | Found a sacrificial altar of Ru.
  1999 | D        | Found a radiant altar of Vehumet.
  2000 | D        | Found a shimmering blue altar of Sif Muna.
  2000 | D        | Found an ancient bone altar of Kikubaaqudgha.
  2015 | D        | Found a glowing silver altar of Zin.
  2015 | D        | Found a glowing golden altar of the Shining One.
  2015 | D        | Found a white marble altar of Elyvilon.
  2015 | D        | Noticed a deep elf mage
  2021 | D        | Killed from afar by a deep elf mage

Illustrated notes

Levels and vault maps discovered:
D:        dungeon_sprint_mu [sprint_mu_entry_forest, sprint_mu_temple_rooms,
          sprint_mu_d1_spiders, sprint_mu_d2_genie, sprint_mu_d3_branching,
          sprint_mu_orc_legion, sprint_mu_elf_gauntlet, sprint_mu_hive_nellie,
          sprint_mu_lair_fedhas, sprint_mu_vaults_butterflies,
          sprint_mu_slime_circle, sprint_mu_shoals_kraken,
          sprint_mu_snake_twists, sprint_mu_blade_basic,
          sprint_mu_crypt_chambers, sprint_mu_tomb_spiral,
          sprint_mu_vestibule_basic, sprint_mu_gehenna_hellfire,
          sprint_mu_dis_giant, sprint_mu_tartarus_statrot,
          sprint_mu_cocytus_islands, sprint_mu_zot1]

Skill      XL: |  1  2  3  4  5  6  7 |
---------------+----------------------+-----
Dodging        | 3 4 5 |  5.2
Stealth        | 1 2 4 6 |  6.6
Unarmed Combat | 4 6 8 9 |  9.9
Transmutations | 3 5 6 |  6.4
Spellcasting   | 3 5 6 |  6.6
Fighting       | 2 |  2.6
Invocations    | 3 4 |  4.3

Action                   |  1- 3 |  4- 6 |  7- 9 || total
-------------------------+-------+-------+-------++-------
Melee: Unarmed           |    14 |    16 |     9 ||    39
       Kick              |     4 |     1 |       ||     5
       Constrict         |     4 |       |       ||     4
       Tentacles         |     4 |       |       ||     4
       Punch             |     1 |       |       ||     1
 Cast: Beastly Appendage |     4 |     1 |       ||     5
       Ice Form          |       |     3 |     2 ||     5
  Use: Potion            |     1 |     3 |       ||     4
 Stab: Sleeping          |     2 |     1 |     3 ||     6
Armor: Skin              |       |     2 |     1 ||     3
Dodge: Dodged            |     7 |     2 |     1 ||    10

Table legend: (Time is in decaauts)
 A = Elapsed time spent in this place.
 B = Non-inter-level travel time spent in this place.
 C = Inter-level travel time spent in this place.
 D = Time resting spent in this place.
 E = Time spent auto-exploring this place.
 F = Levels seen in this place.
 G = Mean time per level.
                   A        B        C        D        E       F      G
               +--------+--------+--------+--------+--------+-----+--------+
         Total |   2031 |   2031 |      0 |   1752 |      0 |   1 | 2031.0 |
       Dungeon |   2031 |   2031 |      0 |   1752 |      0 |   1 | 2031.0 |
               +--------+--------+--------+--------+--------+-----+--------+

Top non-repeatable levels by time:
       D: 2031 daAuts
